 Dungeon Crawl Stone Soup version 0.29-a0-364-g921d912d32 (webtiles) character file.

Game seed: 16445566163404909121

56725 holysushi the Spry (level 15, -7/103 HPs)
             Began as a Kobold Monk on Apr 30, 2022.
             Was an Initiate of Gozag.
             Mangled by an orc warrior
             ... wielding a +0 trident
              (10 damage)
             ... while paralysed by an orc sorcerer
             ... on level 2 of the Orcish Mines.
             The game lasted 00:34:19 (22063 turns).

holysushi the Spry (Kobold Monk)                   Turns: 22063, Time: 00:34:20

Health: -7/103     AC: 12    Str:  8    XL:     15   Next: 23%
Magic:  15/15      EV:  3    Int: 12    God:    Gozag
Gold:   4727       SH:  0    Dex: 37    Spells: 14/14 levels left

rFire   . . .      SeeInvis .   E - +3 rapier (flame)
rCold   . . .      Faith    .   (no shield)
rNeg    . . .      Spirit   .   H - +2 robe
rPois   .          Reflect  .   M - +1 helmet
rElec   .          Harm     .   K - +2 cloak
rCorr   .          Rampage  .   I - +2 pair of gloves {hurl}
Will    +....                   (no boots)
Stlth   ++++++++..              G - amulet of regeneration
HPRegen 1.07/turn               h - +6 ring of dexterity
MPRegen 0.14/turn               i - +6 ring of dexterity

@: paralysed
A: small, no large weapons, nightstalker 3
a: Renounce Religion, Potion Petition, Call Merchant, Bribe Branch


You were on level 2 of the Orcish Mines.
You worshipped Gozag.
Gozag was most pleased with you.
You visited 4 branches of the dungeon, and saw 21 of its levels.
You also visited: Ossuary and Volcano.

You collected 5409 gold pieces.
You spent 682 gold pieces at shops.

Inventory:

Hand Weapons
 a - a +0 short sword
 j - a +3 short sword of venom
 E - a +3 rapier of flaming (weapon)
Missiles
 C - 3 throwing nets (quivered)
Armour
 H - a +2 robe (worn)
 I - a +2 pair of gloves of hurling (worn)
 K - a +2 cloak (worn)
 M - a +1 helmet (worn)
Jewellery
 h - a +6 ring of dexterity (left hand)
 i - a +6 ring of dexterity (right hand)
 s - a ring of see invisible
 G - an amulet of regeneration (around neck)
 L - a ring of poison resistance
Wands
 b - a wand of paralysis (12)
 g - a wand of flame (117)
 o - a wand of mindburst (25)
 u - a wand of acid (24)
 F - a wand of iceblast (12)
 O - a wand of polymorph (10)
 P - a wand of charming (12)
Scrolls
 d - 7 scrolls of teleportation
 k - 2 scrolls of blinking
 l - 10 scrolls of identify
 n - 3 scrolls of amnesia
 q - 5 scrolls of noise
 y - 2 scrolls of magic mapping
 A - 4 scrolls of immolation
 B - 6 scrolls of vulnerability
 N - 6 scrolls of fog
 Q - 3 scrolls of fear
 R - a scroll of silence
 W - a scroll of enchant armour
Potions
 c - 4 potions of ambrosia
 e - 6 potions of magic
 f - 4 potions of attraction
 m - 3 potions of lignification
 p - 10 potions of might
 r - 3 potions of brilliance
 t - 6 potions of haste
 v - 2 potions of cancellation
 w - 2 potions of curing
 x - 2 potions of resistance
 z - 5 potions of berserk rage
 D - 3 potions of mutation
 J - 2 potions of heal wounds
 S - 2 potions of invisibility {unknown}
 T - a potion of flight {unknown}
Miscellaneous
 U - a box of beasts
 V - a phantom mirror


   Skills:
 - Level 15.0 Fighting
 - Level 15.0 Short Blades
 + Level 16.8 Dodging
 + Level 15.1 Stealth
 - Level 9.0 Evocations


You had 14 spell levels left.
You didn't know any spells.
Your spell library contained the following spells:

 Spells                   Type           Power      Damage    Failure   Level
 Foxfire                  Conj/Fire      0%         2x1d4     32%         1
 Sting                    Tmut/Pois      0%         1d3       32%         1
 Poisonous Vapours        Pois/Air       0%         N/A       45%         2
 Sublimation of Blood     Necr           0%         N/A       45%         2
 Conjure Flame            Conj/Fire      0%         6-21      69%         3
 Ignite Poison            Fire/Tmut/Pois 0%         N/A       69%         3
 Inner Flame              Hex/Fire       0%         N/A       69%         3
 Mephitic Cloud           Conj/Pois/Air  0%         N/A       69%         3
 Ozocubu's Armour         Ice            0%         N/A       69%         3
 Summon Guardian Golem    Hex/Summ       0%         N/A       69%         3
 Flame Wave               Conj/Fire      0%         2d4       97%         4
 Hailstorm                Conj/Ice       0%         3d3       97%         4
 Ice Form                 Ice/Tmut       0%         N/A       97%         4
 Alistair's Intoxication  Tmut/Pois      0%         N/A       100%        5
 Freezing Cloud           Conj/Ice/Air   0%         6-21      100%        5
 Metabolic Englaciation   Hex/Ice        0%         N/A       100%        5
 Summon Forest            Summ/Tloc      0%         N/A       100%        5
 Summon Mana Viper        Hex/Summ       0%         N/A       100%        5
 Simulacrum               Ice/Necr       0%         N/A       100%        6
 Summon Cactus Giant      Summ           0%         N/A       100%        6
 Orb of Destruction       Conj           0%         9d5       100%        7
 Spellforged Servitor     Conj/Summ      0%         N/A       100%        7
 Polar Vortex             Ice            0%         N/A       100%        9


Dungeon Overview and Level Annotations

Branches:
Dungeon (12/15)            Temple (1/1) D:5            Lair (6/6) D:11
  Swamp (0/4) Lair:4       Spider (0/4) Lair:2        Slime (0/5) Lair:5
    Orc (2/2) D:11        Ossuary (visited)         Volcano (visited)
    Elf: Orc:2

Altars:
Ashenzari
Cheibriados
Dithmenos
Elyvilon
Fedhas
Gozag
Hepliaklqana
Kikubaaqudgha
Makhleb
Nemelex Xobeh
Okawaru
Qazlal
Ru
Sif Muna
Trog
Uskayaw
Vehumet
Wu Jian
Xom
Yredelemnul
Zin
The Shining One
Jiyva

Shops:
D:6 =   D:9 [

Annotations:
D:6 1 runed translucent door
D:8 3 runed translucent doors, RandomusNamus's ghost, novice MiCA
D:10 exclusion: 2 downstairs


Innate Abilities, Weirdness & Mutations

You are small and have problems with some larger weapons.
You are completely attuned to the shadows.


Message History

The orc sorcerer is moderately wounded.
The orc warrior is no longer distracted by gold.
Unknown command.
You closely miss the orc sorcerer.
The orc sorcerer is moderately wounded.
The orc sorcerer points at you and mumbles some strange words.
You suddenly lose the ability to move!
The orc hits you but does no damage.
The orc sorcerer hits you with a +0 dagger.
The orc hits you but does no damage. The orc warrior completely misses you.
The orc warrior barely misses you. The orc sorcerer casts a spell at you.
You resist with some effort. The orc hits you with a +0 club.
The orc warrior hits you from afar with a +0 trident!
The orc warrior barely misses you.
The orc sorcerer hits you with a +0 dagger.
The orc hits you but does no damage.
The orc warrior hits you from afar with a +0 trident!
The orc warrior hits you from afar with a +0 halberd!
The orc sorcerer hits you with a +0 dagger.
The orc barely misses you.
The orc warrior hits you but does no damage.
The orc warrior hits you from afar with a +0 halberd!
The orc sorcerer gestures at you while chanting.
The bolt of fire hits you!!
* * * LOW HITPOINT WARNING * * *
The orc hits you but does no damage.
The orc warrior hits you from afar with a +0 trident.
* * * LOW HITPOINT WARNING * * *
An orc priest comes into view. It is wielding a +0 hand axe.
The orc warrior hits you from afar with a +0 halberd.
* * * LOW HITPOINT WARNING * * *
The orc sorcerer hits you but does no damage.
The orc hits you but does no damage.
The orc warrior hits you from afar with a +0 trident!
* * * LOW HITPOINT WARNING * * *
The orc warrior hits you but does no damage.
The orc hits you but does no damage.
The orc warrior hits you from afar with a +0 trident!
You die...
Your body crumbles into a pile of gold.

.......^ .
..........
#.#.........
#.....#....
#..<..o.o..
##...$@..o.
#....$o$...
$
#.....$.o...
##......$...
...........
...........
......... $$


You could see an orc sorcerer, 2 orc warriors, an orc priest and an orc.

Vanquished Creatures
  An orc warlord (D:11)
  Nessos (Lair:5)
  A dire elephant (Lair:6)
  A fire dragon (Volcano)
  3 hydras
  A boulder beetle (Lair:1)
  Erolcha (D:11)
  3 catoblepae
  A two-headed ogre (D:9)
  Harold (D:11)
  Erica (D:11)
  5 death yaks (Lair:6)
  A deep troll shaman (Lair:6)
  A swamp dragon (Lair:4)
  6 lindwurms
  Pikel (D:6)
  An ugly thing (D:11)
  A black mamba (Lair:3)
  13 elephants (Lair:6)
  A smoke demon (Volcano)
  A torpor snail (Lair:2)
  16 cane toads
  9 komodo dragons
  A kobold demonologist (D:11)
  An efreet (D:11)
  2 rime drakes
  4 trolls
  3 polar bears
  A hornet (Lair:2)
  12 blink frogs
  7 dream sheep
  A shadow (D:9)
  A spriggan (Lair:2)
  3 wyverns
  48 yaks
  4 steam dragons (Volcano)
  3 basilisks
  A redback (Lair:2)
  9 vampire mosquitoes
  2 acid dragons (D:11)
  4 hell hounds (Volcano)
  12 water moccasins
  Duvessa (D:6)
  An ice beast (D:5)
  4 sky beasts
  5 black bears
  10 orc warriors
  4 ogres
  41 wolves
  2 centaurs (D:8)
  A lemure (D:6)
  A phantom (D:6)
  3 kobold brigands
  2 necrophages (D:7)
  A gnoll sergeant (D:8)
  7 scorpions
  8 bullfrogs
  3 wights
  Dowan (D:6)
  9 killer bees
  2 electric eels
  5 howler monkeys
  6 hounds
  A jelly (D:7)
  14 orc priests
  8 iguanas
  18 orc wizards
  Ijyb (D:4)
  8 mummies (Ossuary)
  8 gnolls
  8 adders
  3 white imps (D:7)
  An ufetubus (D:5)
  2 worms
  2 dart slugs
  66 orcs
  4 ball pythons
  8 endoplasms
  7 giant cockroaches
  2 gnoll zombies (Ossuary)
  3 goblins
  9 hobgoblins
  2 jackals (D:3)
  18 kobolds
  5 quokkas
  A bat (D:2)
  5 frilled lizards
  3 hobgoblin zombies (Ossuary)
  A kobold zombie (Ossuary)
  2 orc zombies (Ossuary)
  6 rats
  5 butterflies (D:6)
528 creatures vanquished.

Vanquished Creatures (others)
  An iguana (Lair:4)
  An orc (D:11)
  A butterfly (D:3)
  68 fungi
  127 plants
198 creatures vanquished.

Grand Total: 726 creatures vanquished

Notes
Turn   | Place    | Note
-------+----------+-------------------------------------------
     0 | D:1      | holysushi the Kobold Monk began the quest for the Orb.
     0 | D:1      | Reached XP level 1. HP: 14/14 MP: 1/1
   130 | D:1      | Reached XP level 2. HP: 19/19 MP: 2/2
  1142 | D:2      | Identified the +7 hunting sling "Dragonbane" {freeze, Will-
                  | Int+4 SInv}
  1263 | D:2      | Reached XP level 3. HP: 22/24 MP: 3/3
  1450 | D:2      | Reached skill level 5 in Short Blades
  1836 | D:3      | Found a faded altar of an unknown god.
  1856 | D:3      | Reached XP level 4. HP: 15/29 MP: 4/4
  2250 | D:3      | Reached XP level 5. HP: 33/33 MP: 5/5
  2487 | D:3      | Found a bloodstained altar of Trog.
  2845 | D:3      | Found a white marble altar of Elyvilon.
  3318 | D:4      | Reached skill level 4 in Dodging
  3498 | D:4      | Reached XP level 6. HP: 39/39 MP: 6/6
  3812 | D:4      | Reached skill level 5 in Dodging
  3823 | D:4      | Noticed an ogre
  3826 | D:4      | Killed an ogre
  3827 | D:4      | Reached skill level 5 in Fighting
  3827 | D:4      | Reached XP level 7. HP: 44/44 MP: 7/7
  4052 | D:4      | Noticed Ijyb
  4063 | D:4      | Killed Ijyb
  4257 | D:5      | Entered Level 5 of the Dungeon
  4294 | D:5      | Noticed a water moccasin
  4298 | D:5      | Killed a water moccasin
  4299 | D:5      | Reached skill level 1 in Evocations
  4328 | D:5      | Reached skill level 6 in Dodging
  4655 | D:5      | Found a sand-covered staircase.
  4661 | Ossuary  | Entered an ossuary
  4688 | Ossuary  | Reached XP level 8. HP: 50/50 MP: 8/8
  5220 | D:5      | Reached skill level 5 in Stealth
  5301 | D:5      | Reached skill level 7 in Dodging
  5617 | D:5      | Found a staircase to the Ecumenical Temple.
  5648 | Temple   | Entered the Ecumenical Temple
  5987 | Temple   | Became a worshipper of Gozag Ym Sagoz the Greedy
  6371 | D:5      | Reached skill level 8 in Dodging
  6371 | D:5      | Reached XP level 9. HP: 55/55 MP: 9/9
  7095 | D:6      | Found Qylig's Jewellery Shop.
  7106 | D:6      | Bought an amulet of regeneration for 360 gold pieces
  7150 | D:6      | Noticed Pikel
  7186 | D:6      | Killed Pikel
  7187 | D:6      | Reached skill level 9 in Dodging
  7220 | D:6      | Noticed Dowan
  7222 | D:6      | Noticed Duvessa
  7235 | D:6      | Killed Duvessa
  7236 | D:6      | Killed Dowan
  7521 | D:6      | Found a runed translucent door.
  7533 | D:6      | Found a runed translucent door.
  7874 | D:6      | Reached skill level 10 in Dodging
  8003 | D:6      | Reached XP level 10. HP: 64/64 MP: 10/10
  8029 | D:6      | Reached skill level 10 in Short Blades
  8032 | D:6      | Reached skill level 11 in Dodging
  8839 | D:8      | Reached skill level 12 in Dodging
  9417 | D:8      | Reached XP level 11. HP: 68/69 MP: 11/11
  9620 | D:8      | Found a runed translucent gate.
  9620 | D:8      | Found a runed translucent gate.
  9620 | D:8      | Found a runed translucent gate.
  9660 | D:8      | Found a shadowy altar of Dithmenos.
 10108 | D:8      | Noticed RandomusNamus's ghost (novice MiCA)
 10139 | D:9      | Found a broken altar of Ashenzari.
 10142 | D:9      | Found a hide-covered altar of Uskayaw.
 10146 | D:9      | Noticed a two-headed ogre
 10174 | D:9      | Killed a two-headed ogre
 10175 | D:9      | Reached skill level 5 in Evocations
 10356 | D:9      | Reached skill level 13 in Dodging
 10624 | D:9      | Found Peeligg's Armour Boutique.
 10690 | D:9      | Bought a +2 pair of gloves of hurling for 322 gold pieces
 10894 | D:9      | Found a shimmering blue altar of Sif Muna.
 10910 | D:9      | You fall into a shaft and drop 3 floors!
 10925 | D:10     | Entered Level 10 of the Dungeon
 12865 | D:11     | Noticed Erolcha
 12936 | D:11     | Noticed Harold
 12942 | D:11     | Killed Harold
 13007 | D:11     | Found a staircase to the Orcish Mines.
 13273 | D:11     | Noticed Erica
 13277 | D:11     | Killed Erica
 13278 | D:11     | Reached skill level 14 in Dodging
 13362 | D:11     | Noticed a red ugly thing
 13377 | D:11     | Reached skill level 10 in Fighting
 13379 | D:11     | Killed a red ugly thing
 13380 | D:11     | Reached XP level 12. HP: 46/77 MP: 12/12
 13387 | D:11     | Killed Erolcha
 13976 | D:11     | Found a staircase to the Lair.
 14422 | Lair:1   | Entered Level 1 of the Lair of Beasts
 14486 | Lair:1   | Noticed a boulder beetle
 14500 | Lair:1   | Killed a boulder beetle
 14501 | Lair:1   | Reached skill level 15 in Dodging
 14885 | Lair:1   | Found a dark tunnel.
 14891 | Volcano  | Entered a volcano
 15044 | Volcano  | Reached XP level 13. HP: 23/84 MP: 13/13
 15330 | Volcano  | Noticed a fire dragon
 15346 | Volcano  | Killed a fire dragon
 16055 | Lair:2   | Reached skill level 10 in Stealth
 16285 | Lair:2   | Noticed an eight-headed hydra
 16288 | Lair:2   | Killed an eight-headed hydra
 16851 | Lair:2   | Found a hole to the Spider Nest.
 17418 | Lair:3   | Reached skill level 15 in Short Blades
 17502 | Lair:3   | Reached XP level 14. HP: 94/94 MP: 14/14
 17715 | Lair:3   | Got the Compendium of Twisted Envenoming
 18638 | Lair:4   | Found a staircase to the Swamp.
 19538 | Lair:5   | Noticed Nessos
 19555 | Lair:5   | Killed Nessos
 20151 | Lair:5   | Found a staircase to the Slime Pits.
 20152 | Lair:5   | Found a viscous altar of Jiyva.
 20457 | Lair:6   | Entered Level 6 of the Lair of Beasts
 20836 | Lair:6   | Reached skill level 16 in Dodging
 20878 | Lair:6   | Reached skill level 15 in Fighting
 20913 | Lair:6   | Noticed a dire elephant
 20938 | Lair:6   | Killed a dire elephant
 20941 | Lair:6   | Reached XP level 15. HP: 103/103 MP: 15/15
 21599 | Orc:1    | Entered Level 1 of the Orcish Mines
 21616 | Orc:1    | Noticed an orc warlord
 21717 | D:11     | Killed an orc warlord
 21718 | D:11     | Reached skill level 15 in Stealth
 22031 | Orc:2    | Entered Level 2 of the Orcish Mines
 22056 | Orc:2    | Paralysed by an orc sorcerer for 7 turns
 22062 | Orc:2    | HP: 2/103 [orc warrior/+0 trident (13)]
 22063 | Orc:2    | Mangled by an orc warrior

Illustrated notes

Levels and vault maps discovered:
D:1:      minmay_arrival_plants_in_alcoves, layout_loops_corners,
          chequers_serial_rivers_room_b
D:2:      layout_basic
D:3:      layout_basic, mainiacjoe_overflow_24_doors,
          nicolae_elyvilon_peaceful_grove, nicolae_ecumenical_pavilion,
          chequers_serial_rivers_large_a, chequers_serial_rivers_micro_d
D:4:      layout_cave_pools, minmay_fractal_squares_gapless_5, uniq_ijyb
D:5:      layout_basic, minmay_temple_entry_drinking_statues, enter_ossuary_2
D:6:      lemuel_insect_pit, layout_loops_corners, serial_shops,
          nicolae_shop_advertising_works [nicolae_subvault_shop_adworks],
          uniq_pikel, uniq_duvessa
D:7:      layout_cave_pools, minivault_23
D:8:      layout_gridville, grunt_dithmenos_smoke, gammafunk_ghost_ooze,
          kennysheep_generic_room_5
D:9:      layout_stronghold, grunt_temple_overflow_open, serial_shops,
          nicolae_shop_waterfront
D:10:     layout_irregular_city
D:11:     layout_layer_cave, due_lair_maze_entry_diamond, hiddenorc2_lemuel,
          uniq_harold, uniq_erica, uniq_erolcha
D:12:     layout_long_grid, ebering_ghost_gozag
Temple:   minmay_temple_bridge_d
Lair:1:   layout_cave_pods, nicolae_volcano_entry_vermiform
Lair:2:   layout_loops_ring, spider_nest_entry_webs, serial_forest,
          infiniplex_forest_clump_tiny, infiniplex_forest_end_1,
          infiniplex_forest_clump_small, infiniplex_forest_lined_1,
          infiniplex_forest_zigzag_1, infiniplex_forest_corner_2,
          infiniplex_forest_clump_curved, infiniplex_forest_pool,
          infiniplex_forest_clump_curved, grunt_forest_large_clearings
Lair:3:   layout_regular_city, nicolae_lair_grazing_beasts
          [nicolae_sub_lair_graze_edge, nicolae_sub_lair_graze_edge,
          nicolae_sub_lair_graze_edge, nicolae_sub_lair_graze_edge]
Lair:4:   layout_loops_ring, minmay_swamp_entry_reptiles
Lair:5:   layout_small_grid, slime_altar_1, serial_bayou, serial_bayou_lake_a,
          serial_bayou_pond_d, serial_bayou_pond_d, serial_bayou_shore_b,
          serial_bayou_ford_a, lookout_lair_type, uniq_nessos
Lair:6:   grunt_lair_end_beastmaster, layout_big_grid, grunt_megastairs_5
Orc:1:    layout_caves, basic_altar, uniq_jorgrun
Orc:2:    grunt_orc_cross, layout_caves, lightli_church_of_beogh

Skill      XL: |  1  2  3  4  5  6  7  8  9 10 11 12 13 14 15 |
---------------+----------------------------------------------+-----
Short Blades   | 5 6 7 8 9 11 12 13 15 | 15.0
Fighting       | 4 5 6 7 8 10 11 13 15 | 15.0
Dodging        | 4 5 6 8 10 12 14 15 16 | 16.8
Stealth        | 3 4 5 6 8 12 14 15 | 15.1
Evocations     | 2 3 4 6 8 9 |  9.0

Action                   |  1- 3 |  4- 6 |  7- 9 | 10-12 | 13-15 || total
-------------------------+-------+-------+-------+-------+-------++-------
Melee: Short sword       |    54 |    96 |   283 |   687 |   328 ||  1448
       Punch             |       |       |     3 |     7 |    20 ||    30
       Rapier            |       |       |       |       |   518 ||   518
Evoke: Wand              |       |       |    12 |       |     3 ||    15
  Use: Potion            |       |     1 |     1 |     3 |     2 ||     7
       Scroll            |       |       |    14 |     2 |    11 ||    27
 Stab: Sleeping          |    12 |    13 |    11 |    18 |    42 ||    96
       Distracted        |       |       |     2 |    16 |    25 ||    43
       Petrified         |       |       |       |       |     2 ||     2
       Petrifying        |       |       |       |       |     1 ||     1
Armor: Robe              |    12 |    15 |     9 |    21 |    62 ||   119
Dodge: Dodged            |    35 |    65 |   209 |   533 |   636 ||  1478

Table legend: (Time is in decaauts)
 A = Elapsed time spent in this place.
 B = Non-inter-level travel time spent in this place.
 C = Inter-level travel time spent in this place.
 D = Time resting spent in this place.
 E = Time spent auto-exploring this place.
 F = Levels seen in this place.
 G = Mean time per level.
                   A        B        C        D        E       F      G
               +--------+--------+--------+--------+--------+-----+--------+
         Total |  21210 |  19911 |   1299 |   1756 |  13763 |  23 |  922.2 |
       Dungeon |  13395 |  12551 |    844 |   1241 |   8884 |  12 | 1116.2 |
        Temple |    410 |    269 |    141 |      0 |    239 |   1 |  410.0 |
          Lair |   6265 |   5952 |    313 |    285 |   4322 |   6 | 1044.2 |
  Orcish Mines |    289 |    289 |      0 |      0 |    169 |   2 |  144.5 |
       Ossuary |    354 |    354 |      0 |     89 |    115 |   1 |  354.0 |
       Volcano |    495 |    495 |      0 |    141 |     33 |   1 |  495.0 |
               +--------+--------+--------+--------+--------+-----+--------+

Top non-repeatable levels by time:
    D:11: 1522 daAuts
     D:9: 1459 daAuts
     D:6: 1388 daAuts
     D:5: 1340 daAuts
     D:3: 1307 daAuts
     D:4: 1275 daAuts
  Lair:3: 1191 daAuts
  Lair:2: 1151 daAuts
     D:8: 1113 daAuts
  Lair:1: 1048 daAuts
    D:10: 1023 daAuts
  Lair:5: 1020 daAuts
     D:2: 1019 daAuts
     D:7: 973 daAuts
     D:1: 964 daAuts
